[Event "LJ Slovak Open 2022"]
[Site "Liptovsky Jan"]
[Date "2022.06.25"]
[Round "4.6"]
[White "Rucek, Kristian"]
[Black "Giertli, Vladimir"]
[Result "1-0"]
[ECO "E92"]
[WhiteElo "2128"]
[BlackElo "1988"]
[Annotator "RC"]
[PlyCount "207"]
[EventDate "2022.06.23"]
[EventType "swiss"]
[EventCountry "SVK"]
[SourceTitle "playchess.com"]
[Source "ChessBase"]
[SourceQuality "1"]
[TimeControl "3600+30"]

1. d4 Nf6 2. c4 d6 3. Nf3 g6 4. Nc3 Bg7 5. e4 O-O 6. Be2 e5 7. Be3 c6 8. d5 Ng4 9. Bg5 f6 10. Bc1 f5 11. dxc6 bxc6 12. O-O a5 13. Bg5 Qc7 14. c5 dxc5 15. Qb3+ Kh8 16. h3 Nf6 17. Be3 Na6 18. exf5 gxf5 19. Qc4 f4 20. Bxc5 Nxc5 21. Qxc5 e4 22. Ng5 f3 23. gxf3 exf3 24. Bxf3 a4 25. Qxc6 Qf4 26. Nf7+ Rxf7 27. Qxa8 Rf8 28. Bg2 Bxh3 29. Qf3 Qxf3 30. Bxf3 Bxf1 31. Rxf1 Nd7 32. Bc6 Nc5 33. Nxa4 Nxa4 34. Bxa4 Bxb2 35. Bb5 Ba3 36. f4 Ra8 37. Kg2 Kg7 38. Kf3 Kf6 39. Rh1 Kg7 40. Bd3 h6 41. Rg1+ Kf7 42. Rg6 Bf8 43. Rb6 Ra3 44. Ke4 Ra4+ 45. Kf5 Ra5+ 46. Bb5 Ra3 47. Rb7+ Be7 48. Bc4+ Kf8 49. Rb8+ Kg7 50. Rg8+ Kh7 51. Rg2 Bd6 52. Rd2 Ra5+ 53. Kf6 Ra4 54. Be6 Ra6 55. f5 h5 56. Kg5 h4 57. Kxh4 Be7+ 58. Kg4 Kg7 59. Rg2 Kf6 60. Kf4 Ra4+ 61. Ke3 Ke5 62. Kd3 Ra3+ 63. Kc2 Bf6 64. Re2+ Kf4 65. Rd2 Rc3+ 66. Kd1 Ra3 67. Rc2 Rd3+ 68. Ke2 Re3+ 69. Kd2 Ra3 70. Rc4+ Ke5 71. Rc5+ Kf4 72. Rb5 Bc3+ 73. Kd3 Bf6+ 74. Rb3 Ra4 75. Rb6 Be5 76. Kc2 Ra3 77. Rb4+ Kg5 78. Kb1 Kf6 79. Rb3 Ra4 80. a3 Bd6 81. Ka2 Bc5 82. Rd3 Be7 83. Bd7 Ra7 84. a4 Ke5 85. Re3+ Kf6 86. Re6+ Kf7 87. Bb5 Ra8 88. Kb3 Ra7 89. Bc4 Kg7 90. Rg6+ Kh7 91. Rb6 Kg7 92. Bd5 Ra5 93. Rb5 Ra6 94. a5 Rh6 95. Rb6 Rh3+ 96. Kc4 Rh4+ 97. Kb5 Rb4+ 98. Kc6 Ra4 99. a6 Bh4 100. Kb7 Ra5 101. a7 Rxa7+ 102. Kxa7 Bf2 103. Be6 Kf6 104. Kb7 1-0

[Event "LJ Slovak Open 2022"]
[Site "Liptovsky Jan"]
[Date "2022.06.25"]
[Round "4.7"]
[White "Skreko, Igor"]
[Black "Ziaran, Viliam"]
[Result "1-0"]
[ECO "D36"]
[WhiteElo "2065"]
[BlackElo "1832"]
[Annotator "RC"]
[PlyCount "83"]
[EventDate "2022.06.23"]
[EventType "swiss"]
[EventCountry "SVK"]
[SourceTitle "playchess.com"]
[Source "ChessBase"]
[SourceQuality "1"]
[TimeControl "3600+30"]

1. d4 d5 2. c4 e6 3. Nc3 Nf6 4. cxd5 exd5 5. Bg5 Be7 6. e3 c6 7. Bd3 Nbd7 8. Qc2 h6 9. Bh4 O-O 10. Nf3 Re8 11. O-O Ne4 12. Bxe7 Qxe7 13. b4 Ndf6 14. b5 Bd7 15. bxc6 bxc6 16. Ne5 Nxc3 17. Qxc3 c5 18. Nxd7 Nxd7 19. dxc5 Nxc5 20. Be2 Rac8 21. Bf3 Ne4 22. Qd4 Qc5 23. Rfd1 Qc2 24. Bxe4 dxe4 25. Qxa7 Red8 26. Rxd8+ Rxd8 27. h3 Rd2 28. Qb8+ Kh7 29. Qf4 Kg8 30. a4 Qb2 31. Rf1 Qb4 32. Rc1 Qe7 33. Rc8+ Kh7 34. Rc7 Rd7 35. Qf5+ g6 36. Qxd7 Qxd7 37. Rxd7 Kg7 38. a5 Kf6 39. a6 Ke6 40. Rd4 f5 41. a7 Ke5 42. a8=Q 1-0

[Event "LJ Slovak Open 2022"]
[Site "Liptovsky Jan"]
[Date "2022.06.25"]
[Round "4.8"]
[White "Vilimek, Vit"]
[Black "Podjavorinsky, Michal"]
[Result "1/2-1/2"]
[ECO "B20"]
[WhiteElo "1972"]
[BlackElo "1941"]
[Annotator "RC"]
[PlyCount "99"]
[EventDate "2022.06.23"]
[EventType "swiss"]
[EventCountry "SVK"]
[SourceTitle "playchess.com"]
[Source "ChessBase"]
[SourceQuality "1"]
[TimeControl "3600+30"]

1. e4 c5 2. a3 e6 3. b4 cxb4 4. axb4 Bxb4 5. c3 Be7 6. d4 d6 7. f4 d5 8. e5 g6 9. Nf3 b6 10. Bd3 a5 11. Na3 Ba6 12. Nb5 Bxb5 13. Bxb5+ Nd7 14. O-O h5 15. Ng5 Nh6 16. Qf3 Nf5 17. g3 Rc8 18. h3 h4 19. g4 Ng3 20. f5 gxf5 21. gxf5 Nxf5 22. Qg4 Rxc3 23. Nxe6 Rg3+ 24. Qxg3 Nxg3 25. Nxd8 Nxf1 26. Nc6 Ng3 27. Nb8 Ne2+ 28. Kf1 Nxd4 29. Bxd7+ Kd8 30. Be3 Bc5 31. Bxd4 Bxd4 32. Nc6+ Kxd7 33. Nxd4 Rc8 34. Ke2 Rc3 35. Rb1 Rxh3 36. Rxb6 a4 37. Rd6+ Ke8 38. Nc6 Kf8 39. Rf6 Ke8 40. Rd6 Kf8 41. Rxd5 a3 42. Ra5 Rc3 43. Nd4 h3 44. Kd2 Kg8 45. e6 h2 46. Kxc3 h1=Q 47. exf7+ Kxf7 48. Rxa3 Qc1+ 49. Nc2 Qxa3+ 50. Nxa3 1/2-1/2

[Event "LJ Slovak Open 2022"]
[Site "Liptovsky Jan"]
[Date "2022.06.25"]
[Round "4.9"]
[White "Freibergs, Andrejs"]
[Black "Kasperek, Ryszard"]
[Result "1-0"]
[ECO "A48"]
[WhiteElo "1526"]
[BlackElo "2068"]
[Annotator "RC"]
[PlyCount "61"]
[EventDate "2022.06.23"]
[EventType "swiss"]
[EventCountry "SVK"]
[SourceTitle "playchess.com"]
[Source "ChessBase"]
[SourceQuality "1"]
[TimeControl "3600+30"]

1. d4 c5 2. e3 Nf6 3. Nf3 g6 4. Bd3 Bg7 5. O-O O-O 6. c4 cxd4 7. exd4 d5 8. b3 Nc6 9. Bb2 Nh5 10. Qd2 dxc4 11. Bxc4 Bg4 12. Ne5 Nxe5 13. dxe5 Qxd2 14. Nxd2 Rad8 15. Ne4 Nf4 16. f3 Bd7 17. g3 Ne6 18. Bd5 Nc7 19. Bxb7 Rb8 20. Nc5 Bb5 21. Rfd1 Ne6 22. Nxe6 fxe6 23. Be4 Rbd8 24. Kf2 Bh6 25. Ba3 Kf7 26. h4 Bd2 27. Bc5 a5 28. Be3 Bc3 29. Rac1 Bxe5 30. Rxd8 Rxd8 31. Rc5 1-0

[Event "LJ Slovak Open 2022"]
[Site "Liptovsky Jan"]
[Date "2022.06.25"]
[Round "4.10"]
[White "Borsos, Bogdan"]
[Black "Haasova, Timea"]
[Result "1/2-1/2"]
[ECO "D73"]
[WhiteElo "2200"]
[BlackElo "1811"]
[Annotator "ChessBase"]
[PlyCount "43"]
[EventDate "2022.06.23"]
[EventType "swiss"]
[EventCountry "SVK"]
[SourceTitle "playchess.com"]
[Source "ChessBase"]
[SourceQuality "1"]
[TimeControl "3600+30"]

1. Nf3 Nf6 2. d4 d5 3. g3 g6 4. c4 c6 5. Bg2 Bg7 6. O-O O-O 7. Nfd2 Nbd7 8. Nc3 Nb6 9. cxd5 cxd5 10. b3 Bd7 11. Bb2 Rc8 12. Re1 e6 13. a4 a5 14. e4 dxe4 15. Ndxe4 Nxe4 16. Nxe4 Bc6 17. Ba3 Bxd4 18. Bxf8 Bxe4 19. Bxe4 Bxa1 20. Qxd8 Rxd8 21. Bc5 h6 22. g4 1/2-1/2

[Event "LJ Slovak Open 2022"]
[Site "Liptovsky Jan"]
[Date "2022.06.25"]
[Round "4.11"]
[White "Bombek, Peter"]
[Black "Koska, Jiri"]
[Result "1-0"]
[ECO "A45"]
[WhiteElo "2111"]
[BlackElo "1759"]
[Annotator "RC"]
[PlyCount "63"]
[EventDate "2022.06.23"]
[EventType "swiss"]
[EventCountry "SVK"]
[SourceTitle "playchess.com"]
[Source "ChessBase"]
[SourceQuality "1"]
[TimeControl "3600+30"]

1. d4 Nf6 2. Bg5 e6 3. e4 h6 4. Bxf6 Qxf6 5. c3 d6 6. Bd3 g5 7. Ne2 Nc6 8. Nd2 Bd7 9. b4 e5 10. d5 Ne7 11. Ng3 Ng6 12. Nh5 Qe7 13. g3 Rg8 14. Be2 f5 15. exf5 Bxf5 16. Bg4 Qf7 17. Qf3 Bxg4 18. Qxg4 Be7 19. c4 Nf8 20. O-O Nd7 21. Rab1 Nf6 22. Nxf6+ Qxf6 23. Rb3 Qg6 24. c5 dxc5 25. bxc5 Bxc5 26. Rxb7 Bb6 27. Qa4+ Ke7 28. Nc4 Rab8 29. Nxe5 Qf5 30. Rxb8 Rxb8 31. Nc6+ Kf7 32. Nxb8 1-0

[Event "LJ Slovak Open 2022"]
[Site "Liptovsky Jan"]
[Date "2022.06.25"]
[Round "4.12"]
[White "Vastik, Lukas"]
[Black "Ihnat, Marek"]
[Result "0-1"]
[ECO "B14"]
[WhiteElo "1738"]
[BlackElo "2045"]
[Annotator "NA RC"]
[PlyCount "60"]
[EventDate "2022.06.23"]
[EventType "swiss"]
[EventCountry "SVK"]
[SourceTitle "playchess.com"]
[Source "ChessBase"]
[SourceQuality "1"]
[TimeControl "3600+30"]

1. e4 c6 2. d4 d5 3. exd5 cxd5 4. c4 Nf6 5. Nc3 g6 6. Nf3 Bg7 7. Qb3 O-O 8. cxd5 Nbd7 9. Bd2 Nb6 10. h3 Nbxd5 11. Nxd5 Nxd5 12. Bd3 e6 13. O-O Qb6 14. Qa4 Qd6 15. Rfd1 b6 16. Be4 Bd7 17. Qb3 Bc6 18. Rac1 Rac8 19. a3 Rfd8 20. Bd3 Qd7 21. Bg5 Ba4 22. Qa2 Bxd1 23. Rxd1 Bf6 24. Ba6 Qa4 25. Be2 Bxg5 26. Nxg5 Rc2 27. Bf3 Nc3 $19 28. Qa1 Nxd1 29. Bxd1 Rdc8 30. Bxc2 Qxc2 0-1

[Event "LJ Slovak Open 2022"]
[Site "Liptovsky Jan"]
[Date "2022.06.25"]
[Round "4.13"]
[White "Macka, Oto"]
[Black "Smetana, Peter"]
[Result "1/2-1/2"]
[ECO "A57"]
[WhiteElo "2026"]
[BlackElo "1740"]
[Annotator "RC"]
[PlyCount "119"]
[EventDate "2022.06.23"]
[EventType "swiss"]
[EventCountry "SVK"]
[SourceTitle "playchess.com"]
[Source "ChessBase"]
[SourceQuality "1"]
[TimeControl "3600+30"]

1. d4 Nf6 2. c4 c5 3. d5 b5 4. cxb5 a6 5. b6 Qxb6 6. Nc3 d6 7. e4 Nbd7 8. Nf3 g6 9. Nd2 Bg7 10. Nc4 Qc7 11. a4 O-O 12. h3 Nb6 13. Na3 Ne8 14. a5 Nd7 15. Nc4 Rb8 16. Bg5 Ne5 17. Nb6 Nf6 18. f4 Ned7 19. Nc4 Re8 20. Bd3 h6 21. Bh4 Nh7 22. O-O Bb7 23. Bg3 e5 24. f5 Ndf6 25. Rb1 Bc8 26. Qc2 gxf5 27. exf5 Bb7 28. Nb6 Nf8 29. Be4 N8d7 30. Nc4 Nxe4 31. Nxe4 Bxd5 32. Ncxd6 Red8 33. f6 Bf8 34. Nc4 Bxc4 35. Qxc4 Qxa5 36. Qe2 Qb4 37. Qg4+ Kh8 38. Qf5 Qd4+ 39. Bf2 Qa4 40. Be3 Qc6 41. Rf3 Rb4 42. Nf2 Qe6 43. Ng4 Qxf5 44. Rxf5 Kh7 45. Nxe5 Nxe5 46. Rxe5 Kg6 47. Bxc5 Bxc5+ 48. Rxc5 Rdb8 49. Rc6 a5 50. Ra1 R8b6 51. Rxb6 Rxb6 52. Rxa5 Rxb2 53. Ra6 Rc2 54. Kh2 Rf2 55. Kg3 Rxf6 56. Rxf6+ Kxf6 57. Kf4 Kg6 58. g4 h5 59. g5 f6 60. gxf6 1/2-1/2

[Event "LJ Slovak Open 2022"]
[Site "Liptovsky Jan"]
[Date "2022.06.25"]
[Round "4.14"]
[White "Verba, Vladimir"]
[Black "Chlpek, Daniel"]
[Result "1-0"]
[ECO "B23"]
[WhiteElo "1786"]
[BlackElo "2030"]
[Annotator "RC"]
[PlyCount "47"]
[EventDate "2022.06.23"]
[EventType "swiss"]
[EventCountry "SVK"]
[SourceTitle "playchess.com"]
[Source "ChessBase"]
[SourceQuality "1"]
[TimeControl "3600+30"]

1. e4 c5 2. Nc3 e6 3. g3 d5 4. exd5 exd5 5. Bg2 Nf6 6. d3 Be7 7. Nge2 d4 8. Ne4 Nxe4 9. dxe4 O-O 10. O-O Nc6 11. Nf4 b6 12. Re1 Bb7 13. Nd5 Re8 14. c3 dxc3 15. bxc3 c4 16. Bf4 Rc8 17. Bh3 Bc5 18. Bxc8 Qxc8 19. Qh5 Ne7 20. Rad1 Ng6 21. Be3 Bxe3 22. Rxe3 Ne5 23. Qg5 h6 24. Ne7+ 1-0

[Event "LJ Slovak Open 2022"]
[Site "Liptovsky Jan"]
[Date "2022.06.25"]
[Round "4.15"]
[White "Mirowska, Oliwia"]
[Black "Ambrozi, Peter"]
[Result "1-0"]
[ECO "A43"]
[WhiteElo "1746"]
[BlackElo "1994"]
[Annotator "RC"]
[PlyCount "61"]
[EventDate "2022.06.23"]
[EventType "swiss"]
[EventCountry "SVK"]
[SourceTitle "playchess.com"]
[Source "ChessBase"]
[SourceQuality "1"]
[TimeControl "3600+30"]

1. d4 c5 2. d5 Nf6 3. Nc3 g6 4. e4 d6 5. Be2 Bg7 6. Be3 O-O 7. f4 e6 8. dxe6 Bxe6 9. Qd2 Qb6 10. Rb1 Rd8 11. Bf3 Nc6 12. Nge2 a6 13. h3 Qc7 14. Nd5 Bxd5 15. exd5 Ne7 16. g4 Re8 17. O-O Nfxd5 18. Bf2 Nb4 19. c3 Nbc6 20. Ng3 Rad8 21. Bg2 f5 22. gxf5 Nxf5 23. Nxf5 gxf5 24. Bh4 Ne7 25. Bd5+ Kh8 26. Rbe1 Nxd5 27. Bxd8 Qxd8 28. Rxe8+ Qxe8 29. Qxd5 Qe3+ 30. Kg2 Bh6 31. Qxf5 1-0

[Event "LJ Slovak Open 2022"]
[Site "Liptovsky Jan"]
[Date "2022.06.25"]
[Round "4.16"]
[White "Bakalar, Jan"]
[Black "Volek, Jan"]
[Result "1/2-1/2"]
[ECO "D74"]
[WhiteElo "1916"]
[BlackElo "1687"]
[Annotator "RC"]
[PlyCount "99"]
[EventDate "2022.06.23"]
[EventType "swiss"]
[EventCountry "SVK"]
[SourceTitle "playchess.com"]
[Source "ChessBase"]
[SourceQuality "1"]
[TimeControl "3600+30"]

1. c4 g6 2. Nf3 Bg7 3. Nc3 Nf6 4. g3 c6 5. Bg2 O-O 6. O-O d5 7. cxd5 Nxd5 8. d4 Nxc3 9. bxc3 Nd7 10. e4 c5 11. e5 cxd4 12. cxd4 Nb6 13. Be3 Nd5 14. Bd2 b6 15. Qb3 Bb7 16. a4 Rc8 17. a5 Ba6 18. Rfc1 Rxc1+ 19. Rxc1 e6 20. axb6 Qxb6 21. Qa3 Be2 22. Ba5 Qb7 23. Nd2 Rc8 24. Bxd5 Rxc1+ 25. Qxc1 exd5 26. Qb1 Qxb1+ 27. Nxb1 Bg4 28. Nc3 f6 29. f4 fxe5 30. dxe5 Be6 31. Bb4 Bf8 32. Bxf8 Kxf8 33. Kf2 Ke7 34. Ke3 Kd7 35. Kd4 Kc6 36. Na4 h5 37. Nc5 Bc8 38. Nb3 Be6 39. Kc3 Bg4 40. Kb4 Kb6 41. Kc3 a5 42. Kd4 a4 43. Nc5 a3 44. Na4+ Kb5 45. Nc3+ Kb4 46. Nxd5+ Kb3 47. Nc3 Be6 48. Kd3 Bc4+ 49. Kd4 Be6 50. Kd3 1/2-1/2

[Event "LJ Slovak Open 2022"]
[Site "Liptovsky Jan"]
[Date "2022.06.25"]
[Round "4.17"]
[White "Spik, Peter"]
[Black "Staron, Ladislav"]
[Result "1-0"]
[ECO "A41"]
[WhiteElo "1969"]
[BlackElo "1695"]
[Annotator "RC"]
[PlyCount "39"]
[EventDate "2022.06.23"]
[EventType "swiss"]
[EventCountry "SVK"]
[SourceTitle "playchess.com"]
[Source "ChessBase"]
[SourceQuality "1"]
[TimeControl "3600+30"]

1. d4 d6 2. Nf3 d5 3. c4 Nf6 4. cxd5 c6 5. Bf4 cxd5 6. e3 Nc6 7. Nc3 Bg4 8. Be2 e6 9. O-O Bd6 10. h3 Bxf3 11. Bxf3 Bxf4 12. exf4 O-O 13. Qd2 a6 14. Rad1 Qb6 15. Rfe1 Rac8 16. f5 Rfe8 17. fxe6 Na7 18. Bg4 h6 19. Bh5 fxe6 20. h4 1-0

[Event "LJ Slovak Open 2022"]
[Site "Liptovsky Jan"]
[Date "2022.06.25"]
[Round "4.18"]
[White "Kolesar, Peter"]
[Black "Saravanan Durga"]
[Result "0-1"]
[ECO "B86"]
[WhiteElo "1969"]
[BlackElo "1660"]
[Annotator "RC"]
[PlyCount "76"]
[EventDate "2022.06.23"]
[EventType "swiss"]
[EventCountry "SVK"]
[SourceTitle "playchess.com"]
[Source "ChessBase"]
[SourceQuality "1"]
[TimeControl "3600+30"]

1. e4 c5 2. Nf3 d6 3. d4 cxd4 4. Nxd4 Nf6 5. Nc3 a6 6. Bg5 Nbd7 7. Bc4 e6 8. Bb3 Nc5 9. O-O Be7 10. f3 Nfxe4 11. Bxe7 Nxc3 12. Bxd8 Nxd1 13. Bc7 Nxb2 14. Bxd6 Nba4 15. Rad1 Bd7 16. Rfe1 O-O-O 17. Re5 b6 18. Ne2 Bc6 19. Rd4 Kb7 20. Be7 Rxd4 21. Nxd4 Nxb3 22. axb3 Nc3 23. Kf2 Bd5 24. Bb4 Rc8 25. Ke1 b5 26. Kd2 Na2 27. Re3 Kb6 28. g3 g6 29. f4 h5 30. Ne2 Rd8 31. Nd4 Bc6 32. Re5 Rd5 33. Re1 e5 34. Ke3 exf4+ 35. Kxf4 Rf5+ 36. Ke3 Rd5 37. Kd3 Rc5 38. Rf1 g5 0-1

[Event "LJ Slovak Open 2022"]
[Site "Liptovsky Jan"]
[Date "2022.06.25"]
[Round "4.19"]
[White "Gajdosik, Marian"]
[Black "Krestian, Darius"]
[Result "0-1"]
[ECO "B10"]
[WhiteElo "1902"]
[BlackElo "1659"]
[Annotator "RC"]
[PlyCount "94"]
[EventDate "2022.06.23"]
[EventType "swiss"]
[EventCountry "SVK"]
[SourceTitle "playchess.com"]
[Source "ChessBase"]
[SourceQuality "1"]
[TimeControl "3600+30"]

1. e4 c6 2. d3 d5 3. Nd2 dxe4 4. dxe4 g6 5. Ngf3 Bg7 6. Bc4 Nf6 7. O-O O-O 8. Qe2 Nbd7 9. Rd1 Qc7 10. Nf1 Ne5 11. Nxe5 Qxe5 12. f3 Nh5 13. g3 Be6 14. Bxe6 Qxe6 15. c3 f5 16. Kg2 f4 17. g4 Nf6 18. h3 g5 19. Bd2 h5 20. Nh2 hxg4 21. hxg4 Kf7 22. b3 b5 23. Rac1 Rh8 24. c4 Nd7 25. cxb5 Qh6 26. Kg1 Bd4+ 27. Kh1 Ne5 28. Rf1 c5 29. Bc3 Nd3 30. Rc2 Bxc3 31. Rxc3 Rad8 32. Kg1 Rh7 33. Rc2 Qb6 34. Kg2 Nb4 35. Rd2 Rdh8 36. Qc4+ Kg7 37. Kg1 Rh3 38. Rff2 Qf6 39. Qxc5 Rg3+ 40. Rg2 Qa1+ 41. Nf1 Rh1+ 42. Kxh1 Qxf1+ 43. Kh2 Nd3 44. Qd4+ Kg6 45. Qxd3 Qe1 46. Qe2 Rh3+ 47. Kxh3 Qh4# 0-1

[Event "LJ Slovak Open 2022"]
[Site "Liptovsky Jan"]
[Date "2022.06.25"]
[Round "4.20"]
[White "Zeman, Jan"]
[Black "Rucek, Peter"]
[Result "1/2-1/2"]
[ECO "C00"]
[WhiteElo "1726"]
[BlackElo "1899"]
[Annotator "NA RC"]
[PlyCount "122"]
[EventDate "2022.06.23"]
[EventType "swiss"]
[EventCountry "SVK"]
[SourceTitle "playchess.com"]
[Source "ChessBase"]
[SourceQuality "1"]
[TimeControl "3600+30"]

1. e4 e6 2. f4 d5 3. e5 c5 4. Nf3 Nc6 5. Bb5 Qb6 6. Nc3 d4 7. Bxc6+ Qxc6 8. Ne2 Be7 9. d3 Nh6 10. Ng3 b6 11. O-O Bb7 12. f5 Nxf5 13. Nxf5 exf5 14. Ne1 Qe6 15. Nf3 h6 16. Re1 g5 17. h3 O-O-O 18. c3 dxc3 19. bxc3 g4 20. hxg4 fxg4 21. Nh2 h5 22. d4 Qd5 23. Qc2 Kb8 24. Bf4 Ka8 25. Be3 c4 26. a4 h4 27. Re2 h3 28. Bf4 Rdg8 29. Nf1 hxg2 30. Rxg2 Qxg2+ 31. Qxg2 Bxg2 32. Kxg2 Bg5 33. Bg3 Kb7 34. d5 Rd8 35. Rd1 b5 36. axb5 Kb6 (36... f5 $19 37. d6 f4) 37. Rd4 Kxb5 38. Rxg4 Bh6 39. d6 a5 40. Rd4 Rd7 41. Kf3 Rg8 42. Bf4 Bxf4 43. Kxf4 a4 44. Ne3 Rc8 45. Nc2 Rc5 46. Na3+ Kc6 47. Nxc4 Rb5 48. Kf5 Rc5 49. Kf6 a3 50. Nxa3 Rxc3 51. Rc4+ Rxc4 52. Nxc4 Ra7 53. Ne3 Ra3 54. Ng4 Ra4 55. Nh6 Kd7 56. Nxf7 Rf4+ 57. Kg6 $11 Ke6 58. Ng5+ Kxe5 59. d7 Rf6+ 60. Kg7 Rd6 61. Nf7+ Ke6 1/2-1/2

[Event "LJ Slovak Open 2022"]
[Site "Liptovsky Jan"]
[Date "2022.06.25"]
[Round "4.21"]
[White "Kulich, Filip"]
[Black "Smusz, Kamil"]
[Result "1/2-1/2"]
[ECO "C41"]
[WhiteElo "1682"]
[BlackElo "1881"]
[Annotator "NA"]
[PlyCount "120"]
[EventDate "2022.06.23"]
[EventType "swiss"]
[EventCountry "SVK"]
[SourceTitle "playchess.com"]
[Source "ChessBase"]
[SourceQuality "1"]
[TimeControl "3600+30"]

1. e4 d6 2. d4 Nf6 3. Nc3 e5 4. Nf3 Nbd7 5. Bc4 Be7 6. O-O O-O 7. h3 c6 8. a4 b6 {[%emt 0:01:08] 8...h6 is the modern continuation.} 9. Be3 a6 10. Qd2 {[%emt 0:01:36] [#]} Qc7 $146 ({Predecessor:} 10... Rb8 11. Bd3 b5 12. axb5 axb5 13. Ne2 Re8 14. Ng3 g6 15. Ra7 Bf8 16. Rfa1 Bb7 17. Bf1 exd4 18. Qxd4 {0-1 (56) De Abreu,R (2184)-Fominykh,M (2206) Chess.com INT 2020}) 11. Ne1 Bb7 12. d5 b5 13. dxc6 bxc4 14. cxb7 Qxb7 15. f3 Qxb2 16. Rb1 Qa3 17. g4 Rfb8 18. Ng2 Rxb1 19. Rxb1 Bf8 20. g5 Ne8 21. Qd5 Rc8 22. Rb7 Rc7 23. Rxc7 Nxc7 24. Qxc4 Ne6 25. Kf2 Ndc5 26. h4 Qb2 27. Nd5 Qa1 28. Nc3 Qb2 29. Nd5 Qb7 30. h5 Qc6 31. a5 Nc7 32. Bxc5 Nxd5 33. exd5 Qc8 34. Qc3 dxc5 35. Qxe5 Qd8 36. g6 hxg6 37. hxg6 fxg6 38. Qe6+ Kh7 39. Qxa6 Qxd5 40. Qxg6+ Kg8 41. Qd3 Qa2 42. Qb3+ Qxb3 43. cxb3 Bd6 44. Ke3 Kf7 45. Kd3 Ke6 46. Ne3 Kd7 47. Nc4 Bc7 48. Kc3 Kc6 49. b4 Kb5 50. bxc5 Kxc5 51. Kd3 Bb8 52. a6 Kb5 53. Kd4 Kxa6 54. Kd5 Kb5 55. Nd6+ Bxd6 56. Kxd6 Kc4 57. Ke5 Kd3 58. f4 $11 Ke3 59. Kf5 g6+ 60. Kxg6 Kxf4 1/2-1/2

[Event "LJ Slovak Open 2022"]
[Site "Liptovsky Jan"]
[Date "2022.06.25"]
[Round "4.22"]
[White "Brida, Lukas"]
[Black "Janik, Marek Tobias"]
[Result "1-0"]
[ECO "D36"]
[WhiteElo "1673"]
[BlackElo "1840"]
[Annotator "NA RC"]
[PlyCount "109"]
[EventDate "2022.06.23"]
[EventType "swiss"]
[EventCountry "SVK"]
[SourceTitle "playchess.com"]
[Source "ChessBase"]
[SourceQuality "1"]
[TimeControl "3600+30"]

1. d4 d5 2. c4 e6 3. Nc3 Nf6 4. cxd5 exd5 5. Bg5 Nbd7 6. e3 c6 7. Bd3 Be7 8. Qc2 h6 9. Bh4 O-O 10. Nge2 Re8 11. f3 c5 12. O-O a6 13. Bf2 b5 14. Ng3 c4 15. Bf5 Nb6 16. e4 g6 17. e5 Nh7 18. Bxc8 Rxc8 19. f4 Qd7 20. f5 Rc6 21. Nce2 Bg5 22. h4 Bxh4 23. Nf4 Bg5 24. e6 fxe6 25. fxe6 Qg7 26. Nxg6 Rcxe6 27. Ne5 Nf6 28. Nf5 Qh7 29. Rae1 Ne4 30. Be3 Rf8 31. Bxg5 hxg5 32. Rxe4 Rxf5 33. Rxf5 Qxf5 34. Re2 Qxc2 35. Rxc2 Rxe5 36. dxe5 d4 37. Kf2 Kf7 38. Kf3 Ke6 39. Ke4 d3 40. Rf2 Nd5 41. Kd4 Nf4 42. Ke4 Nd5 43. g3 g4 44. Kd4 a5 45. b3 c3 46. Kxd3 Kxe5 47. Re2+ Kd6 48. a3 Kc5 49. Re4 Nf6 50. Rf4 Nd5 51. Rxg4 b4 52. a4 Kd6 53. Rg6+ Ke5 54. Ra6 Nc7 55. Rxa5+ 1-0

[Event "LJ Slovak Open 2022"]
[Site "Liptovsky Jan"]
[Date "2022.06.25"]
[Round "4.23"]
[White "Harvan, Tomas"]
[Black "Lis, Maksymilian"]
[Result "0-1"]
[ECO "B01"]
[WhiteElo "1853"]
[BlackElo "1511"]
[Annotator "NA RC"]
[PlyCount "82"]
[EventDate "2022.06.23"]
[EventType "swiss"]
[EventCountry "SVK"]
[SourceTitle "playchess.com"]
[Source "ChessBase"]
[SourceQuality "1"]
[TimeControl "3600+30"]

1. e4 d5 2. exd5 Qxd5 3. Nc3 Qd8 4. d4 Nf6 5. Nf3 Bg4 6. Be3 e6 7. h3 Bxf3 8. Qxf3 c6 9. a3 Be7 10. Bd3 Nbd7 11. O-O O-O 12. Rfd1 Qc7 13. Bf4 Qb6 14. b4 Nd5 15. Ne2 Nxf4 16. Nxf4 a5 17. b5 e5 18. bxc6 Qxc6 19. Be4 Qc4 20. Nd5 Rfe8 21. Qf5 Nf6 22. Nb6 Qe2 23. Bd3 g6 24. Bxe2 gxf5 25. Nxa8 Rxa8 26. dxe5 Ne4 27. Rd7 Bc5 28. Bc4 Bxf2+ 29. Kf1 Rc8 30. Bxf7+ Kf8 31. Bb3 h5 32. Rf7+ Ke8 33. Rxf5 Bd4 34. Rf4 Ng3+ 35. Ke1 Bxa1 36. Kf2 Bxe5 37. Rf3 h4 38. Re3 Rc5 39. Rd3 b5 40. a4 b4 41. Rf3 Bd4+ 0-1

[Event "LJ Slovak Open 2022"]
[Site "Liptovsky Jan"]
[Date "2022.06.25"]
[Round "4.24"]
[White "Carnecka, Stella"]
[Black "Valko, Michal"]
[Result "0-1"]
[ECO "B43"]
[WhiteElo "1648"]
[BlackElo "1906"]
[Annotator "RC"]
[PlyCount "40"]
[EventDate "2022.06.23"]
[EventType "swiss"]
[EventCountry "SVK"]
[SourceTitle "playchess.com"]
[Source "ChessBase"]
[SourceQuality "1"]
[TimeControl "3600+30"]

1. e4 c5 2. Nf3 e6 3. d4 cxd4 4. Nxd4 Nf6 5. Nc3 a6 6. a3 Qc7 7. Be2 b6 8. Nf3 d6 9. O-O Bb7 10. Bd3 Be7 11. h3 Nbd7 12. Re1 O-O 13. Bf4 Rfc8 14. Nd2 h6 15. Nc4 b5 16. Nxd6 Bxd6 17. e5 Nxe5 18. Be2 Kh7 19. h4 Kg6 20. g3 Kf5 0-1

[Event "LJ Slovak Open 2022"]
[Site "Liptovsky Jan"]
[Date "2022.06.25"]
[Round "4.25"]
[White "Gollner, Martin"]
[Black "Mikula, Maciej"]
[Result "1-0"]
[ECO "B38"]
[WhiteElo "1585"]
[BlackElo "1567"]
[Annotator "NA RC"]
[PlyCount "103"]
[EventDate "2022.06.23"]
[EventType "swiss"]
[EventCountry "SVK"]
[SourceTitle "playchess.com"]
[Source "ChessBase"]
[SourceQuality "1"]
[TimeControl "3600+30"]

1. e4 c5 2. Nf3 g6 3. d4 cxd4 4. Nxd4 Bg7 5. c4 Nc6 6. Be3 Nh6 7. Be2 O-O 8. f3 f5 9. Nc3 f4 10. Bf2 d6 11. O-O g5 12. Nxc6 bxc6 13. g3 Qe8 14. Kh1 Qh5 15. Rg1 g4 16. gxf4 Rxf4 17. Be3 gxf3 18. Bxf4 Ng4 19. Bxf3 Nf2+ 20. Kg2 Qh4 21. Bg3 Nxd1 22. Bxh4 Ne3+ 23. Kf2 Nxc4 24. Bxe7 Kh8 25. Rg2 Bd4+ 26. Kg3 Ne3 27. Rd2 c5 28. Bxd6 Ba6 29. Rxd4 cxd4 30. Be5+ Kg8 31. Bxd4 Nc2 32. Rd1 Kf7 33. Rd2 Ne1 34. Bh5+ Ke6 35. Kf2 Rf8+ 36. Ke3 Rg8 37. Be2 Ng2+ 38. Kf3 Nh4+ 39. Kf2 Rg2+ 40. Ke1 Bxe2 41. Rxe2 Nf3+ 42. Kf1 Rxe2 43. Kxe2 Nxd4+ 44. Ke3 Ke5 45. a3 a5 46. h3 Nc2+ 47. Kd3 Ne1+ 48. Kc4 h5 49. Kb5 h4 50. Kxa5 Nf3 51. b4 Ng5 52. b5 1-0

[Event "LJ Slovak Open 2022"]
[Site "Liptovsky Jan"]
[Date "2022.06.25"]
[Round "4.26"]
[White "Stric, Dusan"]
[Black "Ropovik, Samuel"]
[Result "1-0"]
[ECO "A21"]
[WhiteElo "2021"]
[BlackElo "1453"]
[Annotator "RC"]
[PlyCount "103"]
[EventDate "2022.06.23"]
[EventType "swiss"]
[EventCountry "SVK"]
[SourceTitle "playchess.com"]
[Source "ChessBase"]
[SourceQuality "1"]
[TimeControl "3600+30"]

1. c4 e5 2. Nc3 Bb4 3. e3 Bxc3 4. dxc3 Nc6 5. g3 d6 6. Bg2 f5 7. Ne2 Nf6 8. O-O O-O 9. b3 Be6 10. Qc2 Qd7 11. f4 Rae8 12. Ba3 a5 13. h3 a4 14. Bxc6 Qxc6 15. fxe5 dxe5 16. Bxf8 Rxf8 17. Kh2 Qb6 18. Rae1 Ne4 19. Ng1 Rd8 20. Nf3 c6 21. Rg1 Qa5 22. b4 Qa7 23. c5 Qa6 24. Rd1 Qa8 25. Rxd8+ Qxd8 26. Rd1 Qe7 27. c4 h6 28. a3 g5 29. Nxe5 Qc7 30. Qb2 Bxc4 31. Qd4 Bd5 32. Rf1 Qh7 33. Nd3 Qc7 34. Qe5 Qd8 35. Rxf5 Qd7 36. Qb8+ Kh7 37. Qf8 Bc4 38. Nf2 Nxf2 39. Rxf2 Qe6 40. Qf5+ Kg7 41. Qxe6 Bxe6 42. e4 Bb3 43. e5 Bd5 44. Rf6 Bf7 45. Kg2 Bd5+ 46. Kf2 Bf7 47. Ke3 Be8 48. h4 Bd7 49. hxg5 hxg5 50. Ke4 Bc8 51. Rd6 Kf7 52. Rd8 1-0